 Seeded DCSS version 0.25-a0-435-g4b9beb1 (webtiles) character file.

Game seed: 4037872804680729407, levelgen mode: deterministic

108 Ayyar the Skirmisher (level 4, -3/35 HPs)
             Began as a Vampire Chaos Knight on Jan 27, 2020.
             Was a Plaything of Xom.
             Killed by divine providence
             ... invoked by an orc priest
              (14 damage)
             ... on level 2 of the Dungeon.
             The game lasted 00:09:50 (1481 turns).

Ayyar the Skirmisher (Vampire Chaos Knight)         Turns: 1481, Time: 00:09:50

Health: -3/35      AC:  3    Str: 10    XL:     4   Next: 58%
Magic:  4/4        EV: 12    Int: 14    God:    Xom [...*..]
Gold:   109        SH:  0    Dex: 13    Spells: 3/3 levels left

rFire    + . .     SeeInvis +   g - +4 dagger
rCold    + . .     Gourm    .   (no shield)
rNeg     . . .     Faith    .   b - +2 leather armour
rPois    +         Spirit   .   (no helmet)
rElec    .         Reflect  .   j - scarf {rC+ rF+}
rCorr    .         Harm     .   (no gloves)
MR       .....                  (no boots)
Stlth    ++........             (no amulet)
HPRegen  0.31/turn              (no ring)
MPRegen  0.09/turn              (no ring)

@: regenerating quickly
A: no food, fangs 3, see invisible, deformed body, poison resistance, weak 1,
unbreathing
a: Exsanguinate, Renounce Religion


You were on level 2 of the Dungeon.
You worshipped Xom.
You were a favourite toy of Xom.
You were alive.

You visited 1 branch of the dungeon, and saw 3 of its levels.

You collected 109 gold pieces.

Inventory:

Hand Weapons
 a - a +0 falchion of chaos
 g - a +4 dagger (weapon)
Armour
 b - a +2 leather armour (worn)
 j - a scarf of resistance (worn)
Scrolls
 d - 2 scrolls of identify {unknown}
 e - a scroll of enchant weapon {unknown}
 h - a scroll of remove curse {unknown}
 i - a scroll of enchant armour {unknown}
Potions
 c - a potion of magic {unknown}
 f - a potion of flight {unknown}
 k - a potion of agility {unknown}
 l - a potion of curing {unknown}


   Skills:
 + Level 3.2 Fighting
 + Level 1.6(2.8) Short Blades
 - Level 3.1(3.3) Long Blades
 + Level 1.8 Armour
 + Level 3.1 Dodging
 - Level 2.0 Stealth


You had 3 spell levels left.
You didn't know any spells.
Your spell library was empty.

Dungeon Overview and Level Annotations

Branches:
Dungeon (3/15)

Altars:
Ashenzari
The Shining One


Innate Abilities, Weirdness & Mutations

You do not eat.
Your natural rate of healing is unusually fast.
You have razor-sharp teeth.
You have supernaturally acute eyesight. (SInv)
You can survive without breathing.
Armour fits poorly on your strangely shaped body.
Your system is resistant to poisons. (rPois)
You are weak. (Str -2)


Message History

The orc hits you with a +0 flail.
The orc priest invokes the aid of Beogh against you.
Pain shoots through your body! The orc hits you with a +0 flail.
You climb upwards.
There is a stone staircase leading down here.
You hit the orc priest.
The orc priest is moderately wounded.
The orc misses you.
The orc priest mumbles some strange prayers to Beogh against you.
Beogh smites you!
* * * LOW HITPOINT WARNING * * *
A shower of butterflies erupts from you!
The orc completely misses you.
You hit the orc priest.
The orc priest is heavily wounded.
The orc barely misses you.
The orc priest invokes the aid of Beogh against you.
Beogh smites you!
You die...
Xom bursts into laughter!

#.......######....######.#
##..#..## ####.# #.#
#..#..##########.# #.#
#..#.............# ###.#
#..#.############# #....
#....).># #.#.. #..#.##.#
##.#.. #####..#.##)## #.....
#.........bo@# #.###.
####.###.##b##oo###########.#
#.
#.........#..bb.b...........#
#.
#.#######......########.###.#
#. #.# ##...###### #.###.###.
#.# #.†...# #......... #.#
#.....# ######.##. #.#
#.....# #.### #.# ##...##
#....


You could see an orc priest and 2 orcs.

Vanquished Creatures
  An orc priest (D:2)
  4 adders (D:2)
  3 dart slugs
  An orc (D:3)
  5 bats
  3 giant cockroaches
  3 goblins
  4 hobgoblins
  2 quokkas (D:2)
  A ball python (D:1)
  2 frilled lizards (D:2)
  5 kobolds
  A rat (D:2)
35 creatures vanquished.

Notes
Turn   | Place    | Note
-------+----------+-------------------------------------------
     0 | D:1      | Ayyar the Vampire Chaos Knight began the quest for the Orb.
     0 | D:1      | Reached XP level 1. HP: 17/17 MP: 1/1
    80 | D:1      | Reached skill level 1 in Armour
   119 | D:1      | Reached XP level 2. HP: 23/23 MP: 2/2
   671 | D:2      | Reached skill level 1 in Stealth
   671 | D:2      | Reached XP level 3. HP: 28/29 MP: 3/3
   708 | D:2      | XOM: noise
   780 | D:2      | Found a shattered altar of Ashenzari.
   813 | D:2      | Reached skill level 1 in Short Blades
   905 | D:2      | XOM: cast spell 'Ring of Flames'
  1186 | D:2      | XOM: give mutation
  1186 | D:2      | Gained mutation: Your system is resistant to poisons.
                  | (rPois) [Xom's mischief]
  1237 | D:2      | Reached XP level 4. HP: 33/35 MP: 4/4
  1240 | D:2      | Found a glowing golden altar of the Shining One.
  1246 | D:2      | XOM: give mutations
  1246 | D:2      | Gained mutation: Armour fits poorly on your strangely
                  | shaped body. [Xom's mischief]
  1246 | D:2      | Gained mutation: You are weak. (Str -2) [Xom's mischief]
  1369 | D:3      | XOM: cleaving
  1377 | D:3      | XOM: summons friendly crimson imp
  1382 | D:2      | XOM: enchant monster (good)
  1480 | D:2      | XOM: butterfly on damage
  1481 | D:2      | Killed from afar by an orc priest

Levels and vault maps discovered:
D:1:      minmay_arrival_loop, layout_loops_ring, minmay_pentomino_u4
D:2:      layout_loops_ring, nicolae_ashenzari_panopticon,
          nicolae_tso_swordbearing_angel, minmay_misc_feat_encased
D:3:      layout_loops_cross

Skill      XL: |  1  2  3 |
---------------+----------+-----
Armour         | 1 |  1.8
Fighting       | 3 |  3.2
Stealth        | 1 2 |  2.0
Short Blades   | 1 |  1.6
Dodging        | 3 |  3.1
Long Blades    | |  3.1

Action                   |  1- 3 |  4- 6 || total
-------------------------+-------+-------++-------
Melee: Falchion          |    15 |       ||    15
       Bite              |     6 |       ||     6
       Dagger            |    75 |    14 ||    89
 Stab: Sleeping          |     4 |       ||     4
Armor: Leather armour    |    36 |       ||    36
Dodge: Dodged            |    35 |     8 ||    43
       Rpst.: Falchion   |     2 |       ||     2

Table legend:
 A = Non-vault XP
 B = Vault XP
 C = Vault XP percentage of total XP
 D = Non-vault monster count
 E = Vault monster count
 F = Vault count percentage of total count
                 A         B        C        D         E       F
            +---------+---------+-------+---------+---------+-------
      Total |     153 |       2 |   1.3 |      34 |       1 |   2.9
            +---------+---------+-------+---------+---------+-------
        D:1 |      20 |       2 |   9.1 |       9 |       1 |  10.0
        D:2 |     130 |       0 |   0.0 |      24 |       0 |   0.0
        D:3 |       3 |       0 |   0.0 |       1 |       0 |   0.0
            +---------+---------+-------+---------+---------+-------
